 Dungeon Crawl Stone Soup version 0.20-a0-537-g052e6ba (webtiles) character file.

184 HAL9000 the Slasher (level 5, -6/41 HPs)
             Began as a Barachian Berserker on Jan 27, 2017.
             Was a Believer of Trog.
             Mangled by an ogre
             ... wielding a +0 giant club
              (22 damage)
             ... on level 3 of the Dungeon.
             The game lasted 00:05:39 (4587 turns).

HAL9000 the Slasher (Barachian Berserker)           Turns: 4587, Time: 00:05:40

Health: -6/41      AC:  3    Str: 16    XL:     5   Next: 64%
Magic:  5/5        EV: 12    Int:  7    God:    Trog [**....]
Gold:   160        SH:  0    Dex: 14    Spells: 4/4 levels left

rFire    . . .     SeeInvis .   a - +0 falchion
rCold    . . .     Gourm    .   b - +0 animal skin
rNeg     . . .     Faith    .   (no shield)
rPois    .         Spirit   .   (no helmet)
rElec    .         Reflect  .   (no cloak)
rCorr    .         Harm     .   k - +0 pair of gloves
MR       .....                  (no boots)
Stlth    +.........             (no amulet)
Regen    0.2/turn               t - +2 ring of intelligence
                                g - +3 ring of dexterity

@: slow
A: swims, slowness 1, strong legs 1
a: Hop, Berserk, Trog's Hand, Burn Spellbooks, Renounce Religion


You were on level 3 of the Dungeon.
You worshipped Trog.
Trog was pleased with you.
You were not hungry.

You visited 1 branch of the dungeon, and saw 3 of its levels.

You collected 160 gold pieces.

Inventory:

Hand Weapons
 a - a +0 falchion (weapon)
Missiles
 m - 6 javelins (quivered)
Armour
 b - a +0 animal skin (worn)
 k - a +0 pair of gloves (worn)
Jewellery
 g - a +3 ring of dexterity (left hand)
 t - a +2 ring of intelligence (right hand)
Wands
 o - a wand of polymorph (5/24)
Scrolls
 d - a scroll of magic mapping {unknown}
 h - 3 scrolls of teleportation {unknown}
 j - 5 scrolls of identify {unknown}
 s - a scroll of blinking {unknown}
 u - a scroll of remove curse {unknown}
 v - a scroll of enchant weapon {unknown}
 w - a scroll of amnesia {unknown}
 x - a scroll of fear {unknown}
Potions
 e - a potion of cancellation {unknown}
 f - a potion of resistance {unknown}
 n - 2 potions of agility {unknown}
 r - 4 potions of haste {unknown}
Comestibles
 c - a bread ration
 q - a meat ration


   Skills:
 - Level 3.2 Fighting
 + Level 6.7 Long Blades
 - Level 2.1 Armour
 - Level 2.0 Dodging


You had 4 spell levels left.
You didn't know any spells.

Dungeon Overview and Level Annotations

Branches:
Dungeon (3/15)

Altars:
Cheibriados
Fedhas
Qazlal


Innate Abilities, Weirdness & Mutations

You can swim through water.
You cover ground slowly.
You can hop short distances.


Message History

An iguana comes into view.
The iguana moves out of view.
No target in view!
No target in view!
No target in view!
No target in view!
No target in view!
Unknown command.
An iguana is nearby!
An iguana is nearby!
An iguana is nearby!
An ogre comes into view. It is wielding a giant club.
The ogre shouts!
The iguana hisses angrily.
The iguana bites you. The ogre hits you with a giant club.
You barely miss the ogre. The iguana bites you! The ogre barely misses you.
Unknown command.
The iguana bites you. The ogre hits you with a giant club!!
Ouch! That really hurt!
You die...

#...# #...# ###.# ######### #
#.#### #.......# ## ###....#
.##.......# .# #......########
.##.......# .###......##.....#
.#........# ......_......###.#
.#........#
###......#######@##.#........#
# #......# #..(O...#........#
# #)...### #.#..l..#.########
####.# #.#..#.##.# #####.###
#.#......<# #.......#
#......#### #.##.##.# #.#.##.#
##.##.##.####....[.####.
#.....##................#


You could see an ogre and an iguana.

Vanquished Creatures
  Natasha (thrice) (D:2)
  3 adders
  An ooze (D:1)
  A worm (D:1)
  5 dart slugs
  5 leopard geckos
  2 orcs
  5 bats
  2 giant cockroaches
  6 hobgoblins
  5 kobolds
  A quokka (D:3)
  2 ball pythons (D:1)
  4 frilled lizards
  12 goblins
  7 rats
64 creatures vanquished.

Vanquished Creatures (others)
  The ghost of Graouh the Covered, an amateur MiFi (D:3)
1 creature vanquished.

Grand Total: 65 creatures vanquished

Notes
Turn   | Place    | Note
-------+----------+-------------------------------------------
     0 | D:1      | HAL9000 the Barachian Berserker began the quest for the Orb.
     0 | D:1      | Reached XP level 1. HP: 18/18 MP: 1/1
   577 | D:1      | Reached XP level 2. HP: 20/24 MP: 2/2
   705 | D:1      | Reached skill level 4 in Long Blades
  1158 | D:1      | Reached XP level 3. HP: 29/29 MP: 3/3
  1913 | D:2      | Found a blossoming altar of Fedhas.
  1988 | D:2      | Reached skill level 5 in Long Blades
  2120 | D:2      | Noticed Natasha
  2132 | D:2      | Killed Natasha
  2132 | D:2      | Reached ** piety under Trog
  2132 | D:2      | Reached XP level 4. HP: 10/35 MP: 4/4
  2821 | D:2      | Noticed Natasha
  2829 | D:2      | Killed Natasha
  2829 | D:2      | Reached skill level 6 in Long Blades
  2839 | D:2      | Reached XP level 5. HP: 30/41 MP: 5/5
  3263 | D:2      | Noticed Natasha
  3269 | D:2      | Killed Natasha
  3826 | D:3      | Killed Graouh's ghost
  4065 | D:3      | Found a snail-covered altar of Cheibriados.
  4457 | D:3      | Found a stormy altar of Qazlal.
  4580 | D:3      | Noticed an ogre
  4587 | D:3      | Mangled by an ogre

Vault maps used:
D:1:      evilmike_arrival_grusome_pit, minmay_pentomino_w4
D:2:      fedhas_altar_2, kennysheep_generic_room_8, uniq_natasha
D:3:      led_sif_book, nicolae_overflow_crystal_walls, grunt_dithmenos_smoke,
          nicolae_qazlal_eye_of_the_storm, grunt_decor_fettered

Skill      XL: |  1  2  3  4 |
---------------+-------------+-----
Long Blades    | 4 5 6 |  6.7
Fighting       | |  3.2
Armour         | |  2.1
Dodging        | |  2.0

Action                   |  1- 3 |  4- 6 || total
-------------------------+-------+-------++-------
Melee: Falchion          |   111 |    99 ||   210
       Unarmed           |     1 |       ||     1
Invok: Berserk           |     1 |       ||     1
 Stab: Sleeping          |       |     1 ||     1
  Eat: Chunk             |     5 |     7 ||    12
       Fruit             |     1 |     1 ||     2
Armor: Animal skin       |    21 |    15 ||    36
       Skin              |       |     6 ||     6
Dodge: Dodged            |    90 |    62 ||   152
       Rpst.: Falchion   |    31 |    15 ||    46
